Map: Thunderbird LE

Players

Harstem

  • Race: Protoss Protoss
  • Spawn Location: 11:00

PappiJoe - Winner!

  • Race: Protoss Protoss
  • Spawn Location: 5:00

VOD

Have the link to the VOD?

Description

Time

  • Played on: Sept. 6, 2019, 12:29 p.m.
  • Length: 3:52
Show
View Real Time Build Order
Export as new Build Order

Harstem Protoss 

Build Orders: Phoenix Opening 

Get SALT Encoding   

  12  0:01  Probe  
  13  0:13  Probe  
  14  0:17  Pylon  
  14  0:24  Probe  
  15  0:32  Probe  
  15  0:38  Gateway  
  15  0:40  Probe  
  16  0:49  Assimilator  
  17  0:52  Probe  
  17  0:54  Assimilator  
  18  1:05  Probe  
  18  1:07  Gateway  
  19  1:17  Probe  
  20  1:26  Cybernetics Core  
  20  1:29  Probe  
  20  1:31  Pylon  
  21  1:42  Probe  
  22  1:54  Probe  
  23  2:03  Stargate, Adept  
  23  2:08  Adept  
  27  2:11  Probe  
  28  2:20  Pylon  
  28  2:23  Pylon  
  28  2:39  Phoenix  
  28  2:40  Stalker  
  32  2:59  Phoenix  
  34  3:09  Probe  
  35  3:15  Shield Battery  
  35  3:21  Probe  
  34  3:27  Phoenix  
  37  3:38  Nexus  
  37  3:40  Robotics Facility  
  36  3:50  Shield Battery  
  36  3:51  Pylon  
Show
View Real Time Build Order
Export as new Build Order

PappiJoe Protoss - Winner!

Build Orders:  

Get SALT Encoding   

  12  0:00  Probe  
  13  0:13  Probe  
  14  0:17  Pylon  
  14  0:23  Probe  
  15  0:32  Probe  
  15  0:38  Gateway  
  15  0:42  Probe  
  16  0:43  Assimilator  
  17  0:54  Probe  
  17  0:56  Assimilator  
  18  1:07  Probe  
  18  1:10  Gateway  
  19  1:19  Probe  
  20  1:25  Cybernetics Core  
  20  1:31  Probe  
  21  1:43  Warp Gate, Probe  
  21  1:47  Pylon  
  22  1:55  Probe  
  23  2:05  Adept x2  
  23  2:06  Gateway  
  27  2:13  Gateway  
  27  2:26  Pylon  
  27  2:34  Stalker  
  29  2:37  Stalker  
  30  2:47  Pylon  
  29  2:59  Stalker  
  29  3:04  Stalker  
  33  3:06  Pylon  
  33  3:12  Shield Battery  
  31  3:36  Stalker x2  
  31  3:37  Stalker  
  37  3:44  Stalker  
Tags
 
Add a new tag
Caveats
  • Supply blocks, unpowered buildings, or Contaminate may cause inaccurate times.
  • Supply counts are checked every 10 seconds.